 Dungeon Crawl Stone Soup version 0.23-a0-395-gcf17ac6 (webtiles) character file.

128 Azzok the Firebug (level 4, -1/30 HPs)
             Began as a Demonspawn Fire Elementalist on Nov 1, 2018.
             Slain by a bullfrog (4 damage)
             ... on level 3 of the Dungeon.
             The game lasted 00:03:14 (2870 turns).

Azzok the Firebug (Demonspawn Fire Elementalist)    Turns: 2870, Time: 00:03:16

Health: -1/30      AC:  3    Str:  9    XL:     4   Next: 87%
Magic:  3/7        EV: 12    Int: 17    God:
Gold:   125        SH:  0    Dex: 13    Spells: 3/7 levels left

rFire    . . .     SeeInvis .   j - +3 quarterstaff (chaos)
rCold    . . .     Gourm    +   (shield currently unavailable)
rNeg     . . .     Faith    .   a - +0 robe
rPois    .         Spirit   .   (helmet restricted)
rElec    .         Reflect  .   m - +0 cloak
rCorr    .         Harm     .   (no gloves)
MR       +....                  (no boots)
Stlth    ++........             b - amulet of the gourmand
HPRegen  0.10/turn              h - ring of protection from magic
MPRegen  0.10/turn              (no ring)

@: very slightly contaminated
A: antennae 1
a: no special abilities


You were on level 3 of the Dungeon.
You were completely stuffed.

You visited 1 branch of the dungeon, and saw 3 of its levels.

You collected 125 gold pieces.

Inventory:

Hand Weapons
 j - a +3 quarterstaff of chaos (weapon)
Armour
 a - a +0 robe (worn)
 m - a +0 cloak (worn)
Jewellery
 b - an amulet of the gourmand (around neck)
 h - a ring of protection from magic (left hand)
Scrolls
 d - a scroll of random uselessness {unknown}
 e - 2 scrolls of remove curse {unknown}
 f - a scroll of amnesia
 g - 3 scrolls of fear
 n - a scroll of enchant armour {unknown}
Potions
 i - a potion of ambrosia {unknown}
 k - a potion of heal wounds {unknown}
 l - a potion of flight
Comestibles
 c - 4 rations
 o - 3 chunks of flesh


   Skills:
 - Level 1.7 Dodging
 - Level 1.7 Stealth
 - Level 2.0 Spellcasting
 + Level 3.3 Conjurations
 + Level 4.1 Fire Magic


You had 3 spell levels left.
You knew the following spells:

 Your Spells              Type           Power        Failure   Level  Hunger
a - Flame Tongue          Conj/Fire      ##...        4%          1    #......
b - Conjure Flame         Conj/Fire      ##......     12%         3    ###....

Your spell library contained the following spells:

 Spells                   Type           Power        Failure   Level  Hunger
 Throw Flame              Conj/Fire      ##....       6%          2    ###....
 Inner Flame              Hex/Fire       #.......     26%         3    ###....
 Sticky Flame             Conj/Fire      ##......     38%         4    #####..
 Fireball                 Conj/Fire      ##........   75%         5    ######.


Dungeon Overview and Level Annotations

Branches:
Dungeon (3/15)

Altars:
Ru

Annotations:
D:3 Gildeon's ghost, amateur DEFi


Innate Abilities, Weirdness & Mutations

You have a pair of small antennae on your head.


Message History

Aiming: Flame Tongue (safe; 4% risk of failure)
Press: ? - help, Shift-Dir - straight line, f/p - Gildeon's ghost
Aim: Gildeon's ghost (moderately damaged)
The flame tongue hits Gildeon's ghost.
Gildeon's ghost is moderately damaged.
* * * LOW MAGIC WARNING * * *
Gildeon's ghost misses you. The adder bites you but does no damage.
The bullfrog hits you. Gildeon's ghost hits you!
* * * LOW HITPOINT WARNING * * *
The bullfrog hits you but does no damage.
The bullfrog barely misses you. The bullfrog misses you.
The bullfrog hits you but does no damage.
The bullfrog closely misses you. The bullfrog closely misses you.
The bullfrog hits you.
* * * LOW HITPOINT WARNING * * *
The bullfrog hits you.
You die...

···▒·▒ ▒ ▒·▒ ▒·▒ ··· ▒r▒ ▒▒▒
▒W▒ ·· ·▒ ▒·▒ ▒·▒▒·▒ ▒·▒
··▒·▒ ▒S▒ ▒·▒·▒ ▒F▒ ▒·▒·▒
▒@▒ ▒▒▒▒···▒ ▒·▒ ▒· ▒······▒
▒▒'▒▒▒▒ ▒· ▒· ▒······▒
▒·····▒ ▒·▒▒▒▒▒▒·
▒····▒·▒▒▒·····▒ ▒········
▒····▒··▒▒·····▒ ▒········
▒▒▒'▒▒▒·▒▒·<···▒▒▒▒▒········
▒·▒ ▒··▒·····'············
▒·▒ ▒········▒▒▒▒▒▒··)····


You could see a bullfrog, Gildeon's ghost, an adder and a rat.

Vanquished Creatures
  Crazy Yiuf (D:2)
  5 adders
  2 oozes (D:2)
  3 worms (D:2)
  2 dart slugs
  A leopard gecko (D:2)
  2 giant cockroaches
  4 goblins
  3 hobgoblins
  A quokka (D:2)
  4 bats (D:2)
  2 frilled lizards (D:2)
  3 kobolds
  5 rats
38 creatures vanquished.

Notes
Turn   | Place    | Note
-------+----------+-------------------------------------------
     0 | D:1      | Azzok the Demonspawn Fire Elementalist began the quest for
                  | the Orb.
     0 | D:1      | Reached XP level 1. HP: 13/13 MP: 3/3
   258 | D:1      | Reached skill level 3 in Fire Magic
   291 | D:1      | Gained mutation: You have a pair of small antennae on your
                  | head. [demonic ancestry]
   291 | D:1      | Reached XP level 2. HP: 18/19 MP: 0/5
   914 | D:2      | Reached XP level 3. HP: 24/24 MP: 0/6
   984 | D:2      | Found a sacrificial altar of Ru.
  1547 | D:2      | Reached XP level 4. HP: 30/30 MP: 3/7
  1932 | D:2      | Found a runed door.
  2493 | D:2      | Noticed Crazy Yiuf
  2499 | D:2      | Killed Crazy Yiuf
  2499 | D:2      | Reached skill level 4 in Fire Magic
  2518 | D:2      | Learned a level 3 spell: Conjure Flame
  2835 | D:3      | Found a runed door.
  2843 | D:3      | Noticed Gildeon's ghost (amateur DEFi)
  2843 | D:3      | Noticed a bullfrog
  2870 | D:3      | Slain by a bullfrog

Vault maps used:
D:1:      lemuel_arrival_broad_hall
D:2:      nicolae_ru_awakened_eye, chequers_jeans, hangedman_decor_opposing,
          uniq_crazy_yiuf_cottage
D:3:      fedhas_altar_1, ebering_ghost_sewer_f, uniq_jessica

Skill      XL: |  1  2  3  4 |
---------------+-------------+-----
Fire Magic     | 3 4 |  4.1
Conjurations   | 2 3 |  3.3
Dodging        | |  1.7
Stealth        | |  1.7
Spellcasting   | |  2.0

Action                   |  1- 3 |  4- 6 || total
-------------------------+-------+-------++-------
Melee: Unarmed           |     4 |     1 ||     5
       Quarterstaff      |       |     2 ||     2
 Cast: Flame Tongue      |    56 |    34 ||    90
  Use: Scroll            |       |     4 ||     4
 Stab: Paralysed         |       |     1 ||     1
       Sleeping          |       |     1 ||     1
  Eat: Chunk             |    13 |     5 ||    18
Armor: Robe              |     3 |     6 ||     9
Dodge: Dodged            |    27 |    14 ||    41

Table legend:
 A = Non-vault XP
 B = Vault XP
 C = Vault XP percentage of total XP
 D = Non-vault monster count
 E = Vault monster count
 F = Vault count percentage of total count
                 A         B        C        D         E       F
            +---------+---------+-------+---------+---------+-------
      Total |     142 |      42 |  22.8 |      36 |       2 |   5.3
            +---------+---------+-------+---------+---------+-------
        D:1 |      14 |       0 |   0.0 |       8 |       0 |   0.0
        D:2 |     109 |      40 |  26.8 |      25 |       1 |   3.8
        D:3 |      19 |       2 |   9.5 |       3 |       1 |  25.0
            +---------+---------+-------+---------+---------+-------
